 Dungeon Crawl Stone Soup version 0.29.0-7-g18a832c13a (webtiles) character file.

Game seed: 5022011229581407464

1059 darknessisbestgirl the Fighter (level 8, -11/77 HPs)
             Began as a Minotaur Fighter on Aug 31, 2022.
             Was a Follower of Okawaru.
             Killed by divine providence
             ... invoked by an orc priest
              (13 damage)
             ... on level 5 of the Dungeon.
             The game lasted 00:20:32 (5111 turns).

darknessisbestgirl the Fighter (Minotaur Fighter)   Turns: 5111, Time: 00:20:32

Health: -11/77     AC:  8    Str: 22    XL:     8   Next: 6%
Magic:  7/7        EV:  9    Int:  5    God:    Okawaru [*.....]
Gold:   301        SH:  4    Dex: 11    Spells: 7/7 levels left

rFire   . . .      SeeInvis .   a - +0 long sword
rCold   . . .      Faith    .   c - +0 buckler
rNeg    . . .      Spirit   .   b - +0 scale mail
rPois   .          Reflect  .   (helmet restricted)
rElec   .          Harm     .   l - +0 cloak
rCorr   .          Rampage  .   (no gloves)
Will    .....                   (no boots)
Stlth   ..........              (no amulet)
HPRegen 0.22/turn               (no ring)
MPRegen 0.10/turn               (no ring)

@: brilliant, about to teleport
A: horns 2, retaliatory headbutt
a: Renounce Religion, Heroism


You were on level 5 of the Dungeon.
You worshipped Okawaru.
Okawaru was aware of your devotion.
You visited 2 branches of the dungeon, and saw 6 of its levels.

You collected 301 gold pieces.

Inventory:

Hand Weapons
 a - a +0 long sword (weapon)
 m - the +7 dagger of Neatwitoi {freeze, rF++}
   (You found it on level 2 of the Dungeon)

   It freezes those it strikes, dealing additional cold damage.
   It can also slow down cold-blooded creatures.
   rF:        It greatly protects you from fire.
Missiles
 d - 2 throwing nets (quivered)
Armour
 b - a +0 scale mail (worn)
 c - a +0 buckler (worn)
 l - a +0 cloak (worn)
Scrolls
 e - a scroll of vulnerability {unknown}
 f - 4 scrolls of identify
 g - a scroll of fear {unknown}
 h - 4 scrolls of teleportation
 i - 4 scrolls of immolation {unknown}
 o - 2 scrolls of poison {unknown}
 u - 2 scrolls of blinking {unknown}
Potions
 k - 2 potions of ambrosia {unknown}
 n - a potion of lignification {unknown}
 s - a potion of cancellation {unknown}
 t - a potion of flight {unknown}


   Skills:
 + Level 8.8 Fighting
 + Level 8.3 Long Blades
 - Level 3.6 Armour
 - Level 3.6 Shields


You had 7 spell levels left.
You didn't know any spells.
Your spell library was empty.

Dungeon Overview and Level Annotations

Branches:
Dungeon (5/15)             Temple (1/1) D:4

Altars:
Ashenzari
Cheibriados
Dithmenos
Elyvilon
Fedhas
Hepliaklqana
Makhleb
Nemelex Xobeh
Okawaru
Sif Muna
Trog
Uskayaw
Vehumet
Wu Jian
Xom
Yredelemnul
Zin
The Shining One

Shops:
D:1 (   D:5 [


Innate Abilities, Weirdness & Mutations

You have a pair of horns on your head.
You reflexively headbutt those who attack you in melee.


Message History

The orc priest hits you but does no damage.
The orc priest hits you with a +0 flail.
You closely miss the orc priest.
The orc priest is almost dead.
The orc priest hits you with a +0 club.
The orc priest miscasts a cantrip.
You hit the orc priest but do no damage.
The orc priest is almost dead.
The orc priest closely misses you.
The orc priest hits you but does no damage.
You hit the orc priest.
You kill the orc priest!
Okawaru accepts your kill.
You barely miss the orc priest. The orc priest hits you with a +0 club.
You hit the orc priest.
The orc priest is lightly wounded.
The orc priest barely misses you. x2
You closely miss the orc priest. Your headbutt misses the orc priest.
The orc priest is lightly wounded.
The orc priest calls down the wrath of Beogh upon you.
Beogh smites you!
* * * LOW HITPOINT WARNING * * *
The orc priest barely misses you. You furiously retaliate!
You headbutt the orc priest, but do no damage.
As you read the scroll labelled VOGARELL VACOS, it crumbles to dust.
It is a scroll of identify.
h - 5 scrolls of teleportation The orc priest barely misses you.
The orc priest hits you with a +0 club.
* * * LOW HITPOINT WARNING * * *
As you read the scroll of teleportation, it crumbles to dust.
You feel strangely unstable.
The orc priest hits you with a +0 dagger.
* * * LOW HITPOINT WARNING * * *
The orc priest hits you but does no damage.
It was a potion of brilliance.
You feel clever all of a sudden. The orc priest barely misses you.
The orc priest mumbles some strange prayers to Beogh against you.
Beogh smites you!
You die...

##8....########≈≈.≈≈##.♣.♣.#
##.#### ###P≈≈≈.≈≈≈P.....# ..#
##............/8..# ##
#..#P≈≈≈.≈≈≈P.....#
.).....####≈≈.≈≈##.♣.♣.# .......
##≈.≈####....# ....... #P)P#
###### . ....... ##.## #. .......
#@o# .######## #o## ..
#########.#### #.
#..o.........####+####
####.###...o........##≈≈.≈≈≈###
.......#...........##≈≈....≈≈≈##
.....o...o.........#≈≈.......≈≈##
..o...#...........)#≈.....^...≈≈#
......##...........).†..~~~~~..≈#


You could see 2 orc priests.

Vanquished Creatures
  Sigmund (D:3)
  Menkaure (D:5)
  Duvessa (D:5)
  An ogre (D:5)
  A phantom (D:4)
  2 scorpions (D:5)
  2 necrophages (D:4)
  Dowan (D:5)
  An orc priest (D:5)
  2 iguanas
  Ijyb (D:4)
  Robin (D:3)
  3 gnolls (D:5)
  A river rat (D:4)
  4 adders
  A shadow imp (D:4)
  An ufetubus (D:5)
  3 worms
  2 dart slugs
  5 orcs
  6 endoplasms
  4 giant cockroaches
  10 goblins
  4 hobgoblins
  2 quokkas
  6 ball pythons
  9 bats
  2 frilled lizards
  2 kobolds
  5 rats
85 creatures vanquished.

Notes
Turn   | Place    | Note
-------+----------+-------------------------------------------
     0 | D:1      | darknessisbestgirl the Minotaur Fighter began the quest for
                  | the Orb.
     0 | D:1      | Reached XP level 1. HP: 19/19 MP: 0/0
   235 | D:1      | Reached XP level 2. HP: 27/27 MP: 1/1
   242 | D:1      | Found a faded altar of an unknown god.
   720 | D:1      | Found Ynewar's Weapon Emporium.
  1085 | D:2      | Reached XP level 3. HP: 34/34 MP: 2/2
  1280 | D:2      | Found a sparkling altar of Nemelex Xobeh.
  1581 | D:2      | Reached XP level 4. HP: 40/41 MP: 3/3
  1704 | D:2      | Identified the +7 dagger of Neatwitoi {freeze, rF++}
  1894 | D:3      | Reached skill level 5 in Fighting
  2372 | D:3      | Noticed Robin
  2384 | D:3      | Killed Robin
  2552 | D:3      | Noticed Sigmund
  2589 | D:3      | Killed Sigmund
  2590 | D:3      | Reached skill level 5 in Long Blades
  2590 | D:3      | Reached XP level 5. HP: 45/50 MP: 4/4
  2898 | D:4      | Reached XP level 6. HP: 51/57 MP: 5/5
  3047 | D:4      | Noticed Ijyb
  3088 | D:4      | Killed Ijyb
  3089 | D:4      | HP: 1/58 [poisoned by an adder]
  3412 | D:4      | Found a staircase to the Ecumenical Temple.
  3444 | Temple   | Entered the Ecumenical Temple
  3717 | Temple   | Became a worshipper of Warmaster Okawaru
  4316 | D:4      | Reached XP level 7. HP: 57/66 MP: 6/6
  4368 | D:5      | Entered Level 5 of the Dungeon
  4368 | D:5      | Found Xoiw's Armour Emporium.
  4558 | D:5      | Noticed Menkaure
  4558 | D:5      | Noticed Duvessa
  4558 | D:5      | Noticed Dowan
  4571 | D:5      | Killed Duvessa
  4571 | D:5      | Reached * piety under Okawaru
  4574 | D:5      | Killed Menkaure
  4580 | D:5      | Killed Dowan
  4876 | D:5      | Reached XP level 8. HP: 61/75 MP: 7/7
  5109 | D:5      | HP: 3/77 [orc priest/+0 club (4)]
  5111 | D:5      | Killed from afar by an orc priest

Illustrated notes

Levels and vault maps discovered:
D:1:      amcnicky_arrival_feature_with_door, layout_basic,
          dreamdust_ecumenical_altar_grove, serial_shops, shop_fountains
D:2:      minmay_alternating_diamond, layout_rooms, basic_altar
D:3:      layout_loops_corners, chequers_serial_rivers_micro_d, uniq_robin,
          uniq_sigmund
D:4:      layout_loops_ring, minmay_temple_entry_glass,
          cheibrodos_sewer_entry_sluice, uniq_ijyb
D:5:      layout_basic, dreamdust_princess_bridge, nicolae_stop_n_shop_1,
          kennysheep_potato, uniq_menkaure, uniq_duvessa
Temple:   dpeg_five_rooms_temple

Skill      XL: |  1  2  3  4  5  6  7 |
---------------+----------------------+-----
Fighting       | 4 6 7 8 |  8.8
Long Blades    | 3 4 5 6 8 |  8.3
Armour         | |  3.6
Shields        | |  3.6

Action                   |  1- 3 |  4- 6 |  7- 9 || total
-------------------------+-------+-------+-------++-------
Melee: Long sword        |    84 |   118 |    48 ||   250
       Headbutt          |    13 |    20 |    13 ||    46
  Use: Potion            |       |     2 |     3 ||     5
       Scroll            |       |       |     2 ||     2
Armor: Scale mail        |    71 |    43 |    23 ||   137
Dodge: Dodged            |    68 |    49 |    21 ||   138
Block: Buckler           |    25 |    18 |     5 ||    48
